ORI
OREGON STATE UNIVERSITY BEAVERS @ UNIVERSITY OF MAINE BLACK BEARS
08/16/2047
 
TOP OF THE 1ST
Oregon State University Beavers batting - Pitching for University of Maine Black Bears : LHP Edwin Aranda
Pitching: LHP Edwin Aranda
Batting: RHB Martin Darrington 0-0: Bunt missed!
0-1: Foul Ball, location: 2F
0-2: Ball
1-2: Ball
2-2: Ball
3-2: Strikes out swinging
Batting: RHB Willie Lopez 0-0: Ball
1-0: Ground out 4-3 (Groundball, 4, EV 92.5 MPH)
Batting: RHB Luis Flores 0-0: Swinging Strike
0-1: Ball
1-1: Ball
2-1: Ball
3-1: SINGLE (Flyball, 34D, EV 93.8 MPH)
Batting: RHB Steve Webb 0-0: Ball
1-0: Ball
2-0: Ball
3-0: Called Strike
3-1: Foul Ball, location: 2F
3-2: DOUBLE (Flyball, 89XD, EV 103.8 MPH)
Luis Flores to third
Luis Flores scores
Batting: LHB Abdul-Hakim Jibril 0-0: Ball
1-0: Foul Ball, location: 2F
1-1: Swinging Strike
1-2: Ball
2-2: Fly out, F9 (Line Drive, 9, EV 89.4 MPH)
Top of the 1st over - 1 run, 2 hits, 0 errors, 1 left on base; Oregon State University 1 - University of Maine 0
BOTTOM OF THE 1ST
University of Maine Black Bears batting - Pitching for Oregon State University Beavers : RHP Henry DePetrillo
Pitching: RHP Henry DePetrillo
Batting: RHB Wang Huan 0-0: Swinging Strike
0-1: Foul Ball, location: 2F
0-2: Strikes out swinging
Batting: LHB Carlos Rivera 0-0: Foul Ball, location: 2F
0-1: Swinging Strike
0-2: Ball
1-2: Ball
2-2: Ball
3-2: Strikes out swinging
Batting: SHB Mario Barajas 0-0: Ball
1-0: Called Strike
1-1: Ball
2-1: Ball
3-1: Ground out 4-3 (Groundball, 4, EV 108.8 MPH)
Bottom of the 1st over - 0 runs, 0 hits, 0 errors, 0 left on base; Oregon State University 1 - University of Maine 0
TOP OF THE 2ND
Oregon State University Beavers batting - Pitching for University of Maine Black Bears : LHP Edwin Aranda
Batting: RHB Oscar Munoz 0-0: Ball
1-0: Called Strike
1-1: Swinging Strike
1-2: Ball
2-2: Ball
3-2: Ground out 5-3 (Groundball, 56, EV 80.6 MPH)
Batting: LHB Sun-wei Kuai 0-0: Swinging Strike
0-1: Ball
1-1: Foul Ball, location: 2F
1-2: Strikes out swinging
Batting: RHB Yasuyuki Moriyama 0-0: Called Strike
0-1: Ball
1-1: Called Strike
1-2: Strikes out swinging
Top of the 2nd over - 0 runs, 0 hits, 0 errors, 0 left on base; Oregon State University 1 - University of Maine 0
BOTTOM OF THE 2ND
University of Maine Black Bears batting - Pitching for Oregon State University Beavers : RHP Henry DePetrillo
Batting: RHB Jay Mellon 0-0: Called Strike
0-1: Ball
1-1: Foul Ball, location: 2F
1-2: Foul Ball, location: 2F
1-2: Ball
2-2: Ball
3-2: Strikes out swinging
Batting: RHB Geoffrey Potter 0-0: Ball
1-0: Ball
2-0: Fly out, F9 (Line Drive, 89S, EV 93.8 MPH)
Batting: LHB Dave Aguilar 0-0: Called Strike
0-1: Ball
1-1: SINGLE (Flyball, 6D, EV 82.5 MPH)
Batting: RHB Justin Degon 0-0: Fly out, F9 (Flyball, 9, EV 91.9 MPH)
Bottom of the 2nd over - 0 runs, 1 hit, 0 errors, 1 left on base; Oregon State University 1 - University of Maine 0
TOP OF THE 3RD
Oregon State University Beavers batting - Pitching for University of Maine Black Bears : LHP Edwin Aranda
Batting: SHB Sosaia Apelahama 0-0: Ball
1-0: Called Strike
1-1: Ball
2-1: Fly out, F8 (Flyball, 8LM, EV 88.1 MPH)
Batting: RHB Martin Darrington 0-0: Ball
1-0: Called Strike
1-1: Foul Ball, location: 2F
1-2: Ball
2-2: Foul Ball, location: 2F
2-2: Foul Ball, location: 2F
2-2: Strikes out swinging
Batting: RHB Willie Lopez 0-0: Ball
1-0: SINGLE (Line Drive, 8RS, EV 94.4 MPH)
Batting: RHB Luis Flores 0-0: Ball
1-0: Swinging Strike
1-1: Ball
2-1: Swinging Strike
2-2: Strikes out swinging
Top of the 3rd over - 0 runs, 1 hit, 0 errors, 1 left on base; Oregon State University 1 - University of Maine 0
BOTTOM OF THE 3RD
University of Maine Black Bears batting - Pitching for Oregon State University Beavers : RHP Henry DePetrillo
Batting: RHB Geoffrey Gonzalez 0-0: Ball
1-0: SINGLE (Line Drive, 34D, EV 98.1 MPH)
Batting: RHB Mark Cozens 0-0: Called Strike
0-1: Swinging Strike
0-2: Fielders Choice at 2nd, 4-6 (Groundball, 34, EV 87.5 MPH)
Batting: RHB Wang Huan 0-0: Called Strike
Mark Cozens steals 2nd base
0-1: Ball
Mark Cozens is caught stealing 3rd base 2-5
1-1: Foul Ball, location: 2F
1-2: Fly out, F5 (Popup, 5D, EV 50.0 MPH)
Bottom of the 3rd over - 0 runs, 1 hit, 0 errors, 0 left on base; Oregon State University 1 - University of Maine 0
TOP OF THE 4TH
Oregon State University Beavers batting - Pitching for University of Maine Black Bears : LHP Edwin Aranda
Pitching: RHP Chris Liddie
Batting: RHB Steve Webb 0-0: Ball
1-0: SINGLE (Flyball, 9S, EV 86.2 MPH)
Batting: LHB Abdul-Hakim Jibril 0-0: Called Strike
0-1: Swinging Strike
0-2: Strikes out swinging
Batting: RHB Oscar Munoz 0-0: Called Strike
0-1: Ball
1-1: Called Strike
1-2: Strikes out swinging
Batting: LHB Sun-wei Kuai 0-0: Ball
Wild Pitch!
Steve Webb to second
1-0: Ball
2-0: Ball
3-0: Base on Balls
Batting: RHB Yasuyuki Moriyama 0-0: Swinging Strike
0-1: Ground out 4-3 (Groundball, 4S, EV 86.2 MPH)
Top of the 4th over - 0 runs, 1 hit, 0 errors, 2 left on base; Oregon State University 1 - University of Maine 0
BOTTOM OF THE 4TH
University of Maine Black Bears batting - Pitching for Oregon State University Beavers : RHP Henry DePetrillo
Batting: LHB Carlos Rivera 0-0: Called Strike
0-1: Ball
1-1: Ball
2-1: Fly out, F7 (Flyball, 7, EV 91.2 MPH)
Batting: SHB Mario Barajas 0-0: Ball
1-0: Called Strike
1-1: Swinging Strike
1-2: Ground out 3-1 (Groundball, 34S, EV 80.0 MPH)
Batting: RHB Jay Mellon 0-0: Ball
1-0: SINGLE (Groundball, 6MD, EV 105.6 MPH)
Batting: RHB Geoffrey Potter 0-0: Called Strike
0-1: Ball
1-1: Swinging Strike
1-2: Ball
2-2: Fly out, F9 (Flyball, 9, EV 85.0 MPH)
Bottom of the 4th over - 0 runs, 1 hit, 0 errors, 1 left on base; Oregon State University 1 - University of Maine 0
TOP OF THE 5TH
Oregon State University Beavers batting - Pitching for University of Maine Black Bears : RHP Chris Liddie
Now at 3B: Rewa Havika
Batting: SHB Sosaia Apelahama 0-0: Called Strike
0-1: Foul Ball, location: 2F
0-2: Strikes out swinging
Pinch Hitting: LHB Brock Darby 0-0: Called Strike
0-1: Ball
1-1: Swinging Strike
1-2: Foul Ball, location: 2F
1-2: Ball
2-2: Ground out 1-3 (Groundball, 13S, EV 65.0 MPH)
Batting: RHB Willie Lopez 0-0: Fly out, F7 (Flyball, 78M, EV 87.5 MPH)
Top of the 5th over - 0 runs, 0 hits, 0 errors, 0 left on base; Oregon State University 1 - University of Maine 0
BOTTOM OF THE 5TH
University of Maine Black Bears batting - Pitching for Oregon State University Beavers : RHP Henry DePetrillo
Now at C: Dave Crum
Now at 3B: Eric Robertson
Now in LF: Pablo Fraga
Now in CF: Jon Hamilton
Now in RF: Emmett Hamilton
Batting: LHB Dave Aguilar 0-0: Called Strike
0-1: SINGLE (Groundball, 34D, EV 100.6 MPH)
Batting: RHB Justin Degon 0-0: Called Strike
Dave Aguilar is caught stealing 2nd base 2-4
0-1: Foul Ball, location: 2F
0-2: Strikes out swinging
Batting: RHB Geoffrey Gonzalez 0-0: Swinging Strike
0-1: Called Strike
0-2: Strikes out swinging
Bottom of the 5th over - 0 runs, 1 hit, 0 errors, 0 left on base; Oregon State University 1 - University of Maine 0
TOP OF THE 6TH
Oregon State University Beavers batting - Pitching for University of Maine Black Bears : RHP Chris Liddie
Pitching: LHP Mario Valderrama
Now at SS: Travis Whitby
Now in LF: Frank Gould
Now in RF: Jay Mellon
Pinch Hitting: RHB Kyle McCunn 0-0: Ball
1-0: Ball
2-0: Called Strike
2-1: Foul Ball, location: 2F
2-2: Foul Ball, location: 2F
2-2: Ground out 5-3 (Groundball, 5, EV 95.6 MPH)
Batting: RHB Marco Favela 0-0: Called Strike
0-1: Ball
1-1: Swinging Strike
1-2: Ball
2-2: Fly out, F7 (Flyball, 78S, EV 85.6 MPH)
Batting: LHB Pablo Fraga 0-0: Called Strike
0-1: Fly out, F5 (Popup, 25F, EV 83.1 MPH)
Top of the 6th over - 0 runs, 0 hits, 0 errors, 0 left on base; Oregon State University 1 - University of Maine 0
BOTTOM OF THE 6TH
University of Maine Black Bears batting - Pitching for Oregon State University Beavers : RHP Henry DePetrillo
Pitching: LHP Jaime Belden
Now at 1B: Kyle McCunn
Now at 2B: Chris Gartner
Batting: RHB Mark Cozens 0-0: Ball
1-0: Called Strike
1-1: Ball
2-1: Ground out 6-3 (Groundball, 6, EV 104.4 MPH)
Pinch Hitting: RHB Kevin Baker 0-0: Swinging Strike
0-1: Ball
1-1: Swinging Strike
1-2: Strikes out swinging
Batting: RHB Frank Gould 0-0: Ground out 5-3 (Groundball, 56, EV 78.8 MPH)
Bottom of the 6th over - 0 runs, 0 hits, 0 errors, 0 left on base; Oregon State University 1 - University of Maine 0
TOP OF THE 7TH
Oregon State University Beavers batting - Pitching for University of Maine Black Bears : LHP Mario Valderrama
Now at 2B: Steve Thomas
Now in CF: Kevin Baker
Batting: LHB Jon Hamilton 0-0: Swinging Strike
0-1: Ball
1-1: Ball
2-1: Foul Ball, location: 2F
2-2: Foul Ball, location: 2F
2-2: Strikes out swinging
Batting: SHB Eric Robertson 0-0: Called Strike
0-1: Ball
1-1: Fly out, F9 (Flyball, 89D, EV 110.0 MPH)
Batting: SHB Chris Gartner 0-0: Called Strike
0-1: Foul Ball, location: 2F
0-2: Ball
1-2: Fly out, F7 (Flyball, 7LS, EV 80.0 MPH)
Top of the 7th over - 0 runs, 0 hits, 0 errors, 0 left on base; Oregon State University 1 - University of Maine 0
BOTTOM OF THE 7TH
University of Maine Black Bears batting - Pitching for Oregon State University Beavers : LHP Jaime Belden
Batting: RHB Rewa Havika 0-0: Ball
1-0: Swinging Strike
1-1: Called Strike
1-2: Ball
2-2: Strikes out swinging
Pinch Hitting: LHB Osmo Leino 0-0: Swinging Strike
0-1: Swinging Strike
0-2: Ball
1-2: Ball
2-2: Strikes out looking
Batting: RHB Geoffrey Potter 0-0: Ball
1-0: Ball
2-0: Ground out 2-3 (Groundball, 2L, EV 73.1 MPH)
Bottom of the 7th over - 0 runs, 0 hits, 0 errors, 0 left on base; Oregon State University 1 - University of Maine 0
TOP OF THE 8TH
Oregon State University Beavers batting - Pitching for University of Maine Black Bears : LHP Mario Valderrama
Pitching: RHP Tom Neft
Now in RF: Osmo Leino
Batting: SHB Sosaia Apelahama 0-0: Ball
1-0: Called Strike
1-1: Ball
2-1: Fly out, F9 (Line Drive, 9, EV 91.9 MPH)
Batting: RHB Dave Crum 0-0: Ball
1-0: Swinging Strike
1-1: Ball
2-1: Ball
3-1: Foul Ball, location: 2F
3-2: Foul Ball, location: 2F
3-2: Strikes out swinging
Batting: LHB Emmett Hamilton 0-0: Ball
1-0: Called Strike
1-1: Ball
2-1: Called Strike
2-2: Ball
3-2: Strikes out swinging
Top of the 8th over - 0 runs, 0 hits, 0 errors, 0 left on base; Oregon State University 1 - University of Maine 0
BOTTOM OF THE 8TH
University of Maine Black Bears batting - Pitching for Oregon State University Beavers : LHP Jaime Belden
Pitching: LHP Yin-reng Deng
Batting: RHB Scott Snyder 0-0: Ball
1-0: Ball
2-0: Ball
3-0: Base on Balls
Batting: LHB Steve Thomas 0-0: Bunted foul
0-1: Sac Bunt to 13S - play at first, batter OUT! 1-3
Scott Snyder to second
Batting: RHB Travis Whitby 0-0: Foul Ball, location: 2F
0-1: Ball
1-1: Ball
2-1: Ball
3-1: Foul Ball, location: 2F
3-2: Base on Balls
Pinch Hitting: RHB Bryan Douglas 0-0: Foul Ball, location: 2F
0-1: Swinging Strike
0-2: Strikes out swinging
Batting: RHB Kevin Baker 0-0: Ball
Wild Pitch!
Scott Snyder to third
Travis Whitby to second
1-0: Foul Ball, location: 2F
1-1: Ground out 4-3 (Groundball, 4, EV 86.9 MPH)
Bottom of the 8th over - 0 runs, 0 hits, 0 errors, 2 left on base; Oregon State University 1 - University of Maine 0
TOP OF THE 9TH
Oregon State University Beavers batting - Pitching for University of Maine Black Bears : RHP Tom Neft
Pitching: RHP Steve Brill
Now at 1B: Bryan Douglas
Pinch Hitting: RHB Rafael Ventura 0-0: Ball
1-0: Foul Ball, location: 2F
1-1: Fly out, F9 (Line Drive, 89M, EV 105.6 MPH)
Batting: LHB Fred Bal 0-0: Ball
1-0: Called Strike
1-1: Ball
2-1: Foul Ball, location: 2F
2-2: SINGLE (Groundball, 15S, EV 76.9 MPH) (infield hit)
Batting: LHB Pablo Fraga 0-0: Ball
1-0: Ball
2-0: Foul Ball, location: 2F
2-1: Foul Ball, location: 2F
2-2: Strikes out swinging
Batting: LHB Jon Hamilton 0-0: Called Strike
0-1: Foul Ball, location: 2F
0-2: Ball
1-2: SINGLE (Flyball, 6D, EV 91.2 MPH)
Fred Bal to second
Pinch Hitting: LHB Jason Trevarrow 0-0: Fly out, F9 (Flyball, 9, EV 73.8 MPH)
Top of the 9th over - 0 runs, 2 hits, 0 errors, 2 left on base; Oregon State University 1 - University of Maine 0
BOTTOM OF THE 9TH
University of Maine Black Bears batting - Pitching for Oregon State University Beavers : LHP Yin-reng Deng
Pitching: RHP Daniel Brown
Now at 1B: Humberto Gamboa
Now at 3B: Omar Noyola
Pinch Hitting: LHB John Bergeron 0-0: Called Strike
0-1: Ball
1-1: Foul Ball, location: 2F
1-2: Strikes out swinging
Batting: RHB Rewa Havika 0-0: Swinging Strike
0-1: Called Strike
0-2: Foul Ball, location: 2F
0-2: Strikes out swinging
Pinch Hitting: SHB Ron Handford 0-0: Ball
1-0: Foul Ball, location: 2F
1-1: Ball
2-1: Called Strike
2-2: Ball
3-2: Base on Balls
Pinch Hitting: RHB Pita Arnurna 0-0: Called Strike
0-1: Called Strike
0-2: Strikes out swinging
Bottom of the 9th over - 0 runs, 0 hits, 0 errors, 1 left on base; Oregon State University 1 - University of Maine 0
Thursday, December 15th , 2022 - OOTP Baseball 23.9 Build 102